 Dungeon Crawl Stone Soup version 0.30.1-11-g7821555f0a (webtiles) character file.

Game seed: 1693713205054998727

1888 growler the Zephyrmancer (level 9, -3/47 HPs)
             Began as a Tengu Air Elementalist on Oct 29, 2023.
             Was a Believer of Hepliaklqana.
             Slain by a hog (7 damage)
             ... on level 7 of the Dungeon.
             The game lasted 00:19:01 (7247 turns).

growler the Zephyrmancer (Tengu Air Elementalist)   Turns: 7247, Time: 00:19:02

Health: -3/47      AC:  5    Str:  8    XL:     9   Next: 15%
Magic:  15/19      EV: 15    Int: 19    God:    Hepliaklqana [**....]
Gold:   344        SH:  0    Dex: 16    Spells: 10/20 levels left

rFire   . . .        k - +2 short sword (speed)
rCold   . . .        (no shield)
rNeg    . . .        a - +0 robe
rPois   .            (helmet restricted)
rElec   .            t - +1 cloak
rCorr   .            s - +0 pair of gloves
SInv    .            (boots unavailable)
Will    .....        (no amulet)
Stlth   ++           (no ring)
HPRegen 0.27/turn    (no ring)
MPRegen 0.16/turn

%: no passive effects
@: flying quickly and evasively, quick
A: reduced essence, beak, talons 3, nimble flight
a: Renounce Religion, Recall Ancestor, Ancestor Identity


You were on level 7 of the Dungeon.
You worshipped Hepliaklqana.
Hepliaklqana was pleased with you.
You visited 2 branches of the dungeon, and saw 8 of its levels.

You collected 344 gold pieces.

Inventory:

Hand Weapons
 k - a +2 short sword of speed (weapon)
Armour
 a - a +0 robe (worn)
 s - a +0 pair of gloves (worn)
 t - a +1 cloak (worn)
Jewellery
 e - an amulet of guardian spirit
 A - a ring of protection from cold
 C - a +6 ring of intelligence
Wands
 q - a wand of quicksilver (6)
 z - a wand of digging (5)
Scrolls
 c - a scroll of blinking
 f - 2 scrolls of fog
 i - 3 scrolls of enchant armour
 l - a scroll of immolation
 m - a scroll of enchant weapon {unknown}
 n - 2 scrolls of teleportation
 o - a scroll of noise {unknown}
 p - a scroll of silence {unknown}
 v - a scroll of fear {unknown}
 y - a scroll of poison {unknown}
 B - a scroll of magic mapping {unknown}
 E - a scroll of acquirement {unknown}
 G - a scroll of identify
Potions
 b - 2 potions of magic
 d - 2 potions of degeneration {unknown}
 g - 3 potions of brilliance
 h - 3 potions of flight
 j - 4 potions of curing
 r - a potion of cancellation
 u - a potion of ambrosia
 w - a potion of heal wounds
 x - 2 potions of might {unknown}
 D - a potion of haste {unknown}
 F - a potion of resistance {unknown}
 H - a potion of mutation {unknown}


   Skills:
 + Level 4.9 Fighting
 - Level 2.1 Dodging
 - Level 2.0 Stealth
 - Level 6.0 Spellcasting
 - Level 6.0 Conjurations
 + Level 10.0 Air Magic


You had 10 spell levels left.
You knew the following spells:

 Your Spells              Type           Power      Damage    Failure   Level
a - Shock                 Conj/Air       100%       1d9       1%          1
b - Static Discharge      Conj/Air       72%        2-5/arc   1%          2
c - Swiftness             Air            43%        N/A       1%          3
d - Airstrike             Air            21%        2d(4-20)  1%          4

Your spell library contained the following spells:

 Spells                   Type           Power      Damage    Failure   Level
 Ensorcelled Hibernation  Hex/Ice        10%        N/A       17%         2
 Passwall                 Tmut/Erth      4%         N/A       17%         2


Dungeon Overview and Level Annotations

Branches:
Dungeon (7/15)             Temple (1/1) D:4

Altars:
Ashenzari
Cheibriados
Dithmenos
Elyvilon
Fedhas
Gozag
Hepliaklqana
Kikubaaqudgha
Makhleb
Nemelex Xobeh
Okawaru
Ru
Trog
Uskayaw
Vehumet
Wu Jian
Xom
Yredelemnul
Zin
The Shining One

Shops:
D:1 =   D:3 [

Annotations:
D:5 3 runed translucent doors, Laveh's ghost, novice MiFi


Innate Abilities, Weirdness & Mutations

Your life essence is reduced to manifest your ancestor. (-10% HP)
You have a beak for a mouth.
You have claws for feet.
Your magical nature lets you fly swiftly and evasively.


Message History

Qinisela points at the human and mumbles some strange words.
The human shouts!
The human seems to slow down.
The hog squeals angrily.
The yak bellows!
There is an open door here.
The hog squeals angrily. x2
The human completely misses you.
You hit the human but do no damage. You claw the human, but do no damage.
Casting: Shock (safe; 1% risk of failure)
Confirm with . or Enter, or press ? or * to list all spells.
The human is struck by an arc of lightning.
The human is lightly wounded.
The hog is struck by an arc of lightning.
The hog is lightly wounded.
The human is struck by an arc of lightning.
The human is moderately wounded.
The lightning grounds out.
The hog is struck by an arc of lightning.
The hog is lightly wounded.
The hog is struck by an arc of lightning.
The hog is moderately wounded.
The lightning grounds out.
The hog bites you! The human hits you with a +0 hand axe!
Casting: Static Discharge (safe; 1% risk of failure)
Confirm with . or Enter, or press ? or * to list all spells.
Qinisela avoids your attack.
The air crackles with electrical energy.
The hog bites you!
Qinisela casts a spell at the human.
The hog appears confused.
The hog bites you!
* * * LOW HITPOINT WARNING * * *
The hog bites itself.
The human hits you with a +0 hand axe.
* * * LOW HITPOINT WARNING * * *
You hit the human. You claw the human.
The human is heavily wounded.
The hog bites you but does no damage.
Qinisela casts a spell at the human.
The hog resists with some effort.
The hog attacks as you move away! The hog bites you!
You die...

#.#
#.#######..###.##.#.....
#R# ##.## #..###.##....#
#.###...######.........#.##
#..........R..>.....#..#.#
#####...#####..######....#
##.## #...# #....# #.#
##'##### #....##### #.#
#.R#..# #......... #.#
#@h#..# ##...##### #.#
#hp'..# #..## ### .#
#hY#..# #..# #..
#..#..####..# #.#
#######..[..# #.#
####..####.# #.......)
#.......) ......####.#


You could see the friendly Qinisela the hexer, a yak, 3 hogs and a human (slow,
ally target).

Vanquished Creatures
  An orc warrior (D:7)
  A black bear (D:7)
  An ogre (D:4)
  A gnoll sergeant (D:5)
  3 scorpions
  4 killer bees (D:7)
  A howler monkey (D:4)
  2 orc priests
  A jelly (D:5)
  3 hounds
  3 gnoll boudas
  A sleepcap (D:6)
  4 iguanas
  3 orc wizards (D:7)
  3 adders
  16 gnolls
  A shadow imp (D:5)
  3 dart slugs
  17 orcs
  6 endoplasms
  2 giant cockroaches
  3 goblins
  4 hobgoblins
  5 jackals
  18 kobolds
  5 quokkas
  3 ball pythons
  8 bats
  2 frilled lizards
  4 rats
129 creatures vanquished.

Vanquished Creatures (collateral kills)
  A water moccasin (D:6)
  An ice beast (D:6)
  2 kobold brigands
  A hound (D:6)
  An adder (D:6)
  3 gnolls (D:6)
  A kobold (D:6)
10 creatures vanquished.

Vanquished Creatures (others)
  A hexer (D:7)
1 creature vanquished.

Grand Total: 140 creatures vanquished

Notes
Turn   | Place    | Note
-------+----------+-------------------------------------------
     0 | D:1      | growler the Tengu Air Elementalist began the quest for the
                  | Orb.
     0 | D:1      | Reached XP level 1. HP: 10/10 MP: 4/4
    83 | D:1      | Reached XP level 2. HP: 15/15 MP: 1/6
   429 | D:1      | Learned a level 2 spell: Static Discharge
   436 | D:1      | Found Wunwe's One-of-a-Kind Rings.
   669 | D:1      | Reached XP level 3. HP: 19/19 MP: 5/7
   673 | D:1      | Learned a level 3 spell: Swiftness
  1508 | D:3      | Found a snail-covered altar of Cheibriados.
  1668 | D:3      | Identified the +1 ring mail "Zota" {rPois Will++ Stlth+}
  1812 | D:3      | Reached XP level 4. HP: 5/24 MP: 2/9
  1813 | D:3      | Reached skill level 5 in Air Magic
  2013 | D:3      | Found an iron altar of Okawaru.
  2168 | D:3      | Found Goqifith's Armour Shop.
  2347 | D:3      | Found an ornate altar of the Wu Jian Council.
  2508 | D:3      | Found a shadowy altar of Dithmenos.
  2626 | D:4      | Noticed an ogre
  2633 | D:4      | Killed an ogre
  2634 | D:4      | Gained mutation: Your magical nature lets you fly swiftly
                  | and evasively. [Tengu growth]
  2634 | D:4      | Reached XP level 5. HP: 25/28 MP: 0/11
  2639 | D:4      | Learned a level 4 spell: Airstrike
  2829 | D:4      | Reached skill level 6 in Air Magic
  2829 | D:4      | Reached XP level 6. HP: 18/32 MP: 4/12
  2905 | D:4      | Found a staircase to the Ecumenical Temple.
  2911 | Temple   | Entered the Ecumenical Temple
  3005 | Temple   | Became a worshipper of Hepliaklqana the Forgotten
  3377 | D:4      | Reached skill level 5 in Conjurations
  3619 | D:4      | Reached * piety under Hepliaklqana
  3718 | D:5      | Entered Level 5 of the Dungeon
  3810 | D:5      | Found a runed translucent gate.
  3810 | D:5      | Found a runed translucent gate.
  3810 | D:5      | Found a runed translucent gate.
  3857 | D:5      | Reached XP level 7. HP: 9/32 MP: 3/14
  4106 | D:5      | Identified the +2 robe of Insecurity {Str+5}
  4178 | D:5      | You are sucked into a shaft and drop 1 floor!
  4355 | D:6      | Reached ** piety under Hepliaklqana
  4356 | D:6      | Remembered your ancestor Qinisela as a hexer
  4384 | D:6      | Reached skill level 7 in Air Magic
  4642 | D:5      | Noticed Laveh's ghost (novice MiFi)
  4854 | D:5      | Reached skill level 1 in Fighting
  4854 | D:5      | Reached skill level 5 in Spellcasting
  5237 | D:6      | Reached XP level 8. HP: 33/38 MP: 8/16
  5427 | D:6      | Reached skill level 8 in Air Magic
  6189 | D:7      | Reached skill level 9 in Air Magic
  6516 | D:7      | Reached XP level 9. HP: 30/46 MP: 11/19
  6825 | D:7      | Reached skill level 10 in Air Magic
  7247 | D:7      | Slain by a hog

Illustrated notes

Levels and vault maps discovered:
D:1:      minmay_arrival_radiant_lines, layout_basic, nicolae_shop_unique_rings
D:2:      layout_rooms
D:3:      layout_basic, okawaru_ov_weapons_minmay, grunt_dithmenos_smoke,
          mainiacjoe_overflow_catch_the_wave, serial_shops, nicolae_square_shop
D:4:      layout_gridville, minmay_temple_entry_grid, st_stairs_6
D:5:      layout_gridville, gammafunk_ghost_icy, water_boxes_lemuel
D:6:      layout_gridville
D:7:      layout_loops_ring, grunt_livestock, bh_walls_and_bars
Temple:   nicolae_temple_elliptical

Skill      XL: |  1  2  3  4  5  6  7  8  9 |
---------------+----------------------------+-----
Conjurations   | 2 3 4 5 6 |  6.0
Air Magic      | 5 6 7 9 10 | 10.0
Spellcasting   | 3 4 5 6 |  6.0
Fighting       | 1 4 |  4.9
Dodging        | |  2.1
Stealth        | |  2.0

Action                     |  1- 3 |  4- 6 |  7- 9 || total
---------------------------+-------+-------+-------++-------
  Melee: Unarmed           |     4 |       |       ||     4
         Short sword       |     6 |     5 |    21 ||    32
         Peck              |     2 |       |     3 ||     5
         Kick              |       |       |     3 ||     3
   Cast: Shock             |    80 |    73 |   163 ||   316
         Static Discharge  |     2 |    12 |    10 ||    24
         Airstrike         |       |     1 |     3 ||     4
 Invoke: Recall Ancestor   |       |       |     3 ||     3
         Ancestor Life: He |       |       |     1 ||     1
  Evoke: Wand              |       |     1 |       ||     1
    Use: Scroll            |     5 |     1 |     5 ||    11
 Armour: Robe              |     1 |     1 |     3 ||     5
  Dodge: Dodged            |    10 |    13 |    35 ||    58
